 Dungeon Crawl Stone Soup version 0.29-a0-839-g4793fd635e (webtiles) character file.

Game seed: 823800119497839034

5980 BlueGoblin the Thaumaturge (level 11, -1/70 HPs)
             Began as a Djinni Necromancer on July 14, 2022.
             Was a Believer of Makhleb.
             Slain by a five-headed hydra (2 damage)
             ... on level 1 of the Lair of Beasts.
             The game lasted 00:30:15 (11371 turns).

BlueGoblin the Thaumaturge (Djinni Necromancer)    Turns: 11371, Time: 00:30:16

Health: -1/70      AC: 13    Str:  7    XL:     11   Next: 10%
Gold:   685        EV: 14    Int: 31    God:    Makhleb [**....] SH:  0 Dex: 13

rFire   + + +      SeeInvis .   y - +12 war axe of the Mashing Dragonfly {vorpal, rPois Int+9}
rCold   . . .      Faith    .   (no shield)
rNeg    . . .      Spirit   .   i - +2 robe {rC+ rF+}
rPois   ∞          Reflect  .   f - +0 helmet
rElec   .          Harm     .   (no cloak)
rCorr   .          Rampage  .   (no gloves)
Will    +....                   (boots unavailable)
Stlth   ++........              (no amulet)
HPRegen 0.21/turn               p - +4 ring of protection
MPRegen 0.00/turn               q - +4 ring of protection

@: sluggish, flying, very slow
A: sickness immunity, fire resistance 2, cold vulnerability 1, float, innate
caster, HP casting, extra vitality 1
a: Renounce Religion, Minor Destruction


You were on level 1 of the Lair of Beasts.
You worshipped Makhleb.
Makhleb was pleased with you.
You visited 3 branches of the dungeon, and saw 12 of its levels.

You collected 685 gold pieces.

Inventory:

Hand Weapons
 k - a +0 triple sword of electrocution
 y - the +12 war axe of the Mashing Dragonfly (weapon) {vorpal, rPois Int+9}
   (You found it on level 1 of the Lair of Beasts)

   It inflicts extra damage upon your enemies.
   Int:       It affects your intelligence (+9).
   rPois:     It protects you from poison.
Missiles
 e - a throwing net
Armour
 a - a +0 robe
 f - a +0 helmet (worn)
 i - a +2 robe of resistance (worn)
 m - a +2 robe of willpower
Jewellery
 n - a +6 ring of strength
 p - a +4 ring of protection (left hand)
 q - a +4 ring of protection (right hand)
 t - a +4 ring of evasion
 v - a +6 ring of dexterity
 x - a ring of protection from cold
Wands
 u - a wand of charming (6)
 z - a wand of polymorph (5)
 C - a wand of flame (26)
Scrolls
 g - 3 scrolls of teleportation
 j - a scroll of blinking
 o - 2 scrolls of poison
Potions
 b - a potion of haste
 c - a potion of ambrosia
 d - 10 potions of curing
 h - 2 potions of might
 l - 3 potions of lignification
 r - a potion of cancellation
 s - a potion of mutation
 w - a potion of brilliance
 A - a potion of berserk rage {unknown}
 D - a potion of attraction {unknown}
 E - a potion of degeneration {unknown}


   Skills:
 + Level 2.9 Fighting
 - Level 4.1 Long Blades
 + Level 6.8 Dodging
 - Level 2.2 Stealth
 - Level 0.8 Unarmed Combat
 + Level 11.0 Spellcasting


You had 5 spell levels left.
You knew the following spells:

 Your Spells              Type           Power      Damage    Failure   Level
a - Animate Dead          Necr           71%        N/A       1%          4
c - Necrotise             Necr           100%       1d9       1%          1
d - Sticky Flame          Conj/Fire      71%        2d8       1%          4
e - Apportation           Tloc           100%       N/A       1%          1
f - Call Imp              Summ           71%        N/A       1%          2
g - Swiftness             Air            71%        N/A       1%          3
h - Agony                 Necr           71%        N/A       1%          5
q - Vampiric Draining     Necr           71%        2d11      1%          3
s - Olgreb's Toxic Radia  Pois           71%        N/A       1%          4
Your spell library was empty.

Dungeon Overview and Level Annotations

Branches:
Dungeon (9/15)             Temple (1/1) D:6            Lair (2/6) D:9
  Swamp: Lair:2-4    Shoals: Lair:2-4     Snake: Lair:2-4    Spider: Lair:2-4
    Orc: D:9-12

Altars:
Ashenzari
Cheibriados
Dithmenos
Elyvilon
Fedhas
Gozag
Makhleb
Nemelex Xobeh
Okawaru
Qazlal
Ru
Trog
Uskayaw
Wu Jian
Yredelemnul
Zin
The Shining One

Shops:
D:1 *   D:3 (

Annotations:
D:3 anet's ghost, amateur HOCj
D:5 LetschGu's ghost, novice OgHu
Lair:2 1 transporter, Zero's ghost, journeyman GrIE


Innate Abilities, Weirdness & Mutations

You are immune to sickness and miasma.
You are immune to poison.
Your flesh is very heat resistant. (rF++)
You are vulnerable to cold. (rC-)
You float through the air rather than walking.
You learn spells naturally, not from books.
Your magical power is your life essence.
You have superior vitality. (+4 MHP)


Message History

Confirm with . or Enter, or press ? or * to list all spells.
A beastly little devil appears in a puff of flame.
* * * LOW HITPOINT WARNING * * *
Your crimson imp hits the five-headed hydra.
Your crimson imp barely misses the five-headed hydra.
Your crimson imp blinks!
Casting: Call Imp (safe; 1% risk of failure)
Confirm with . or Enter, or press ? or * to list all spells.
A beastly little devil appears in a puff of flame.
* * * LOW HITPOINT WARNING * * *
Casting: Call Imp (safe; 1% risk of failure)
Confirm with . or Enter, or press ? or * to list all spells.
A beastly little devil appears in a puff of frigid air.
* * * LOW HITPOINT WARNING * * *
Your crimson imp disappears in a puff of smoke!
You start to feel a little slower.
The five-headed hydra barely misses your white imp. x2
The five-headed hydra closely misses your white imp.
The five-headed hydra bites your white imp! x2
Your white imp dies!
Your white imp disappears in a puff of smoke!
Casting: Call Imp (safe; 1% risk of failure)
Confirm with . or Enter, or press ? or * to list all spells.
A beastly little devil appears in a puff of flame.
* * * LOW HITPOINT WARNING * * *
You feel sluggish.
The five-headed hydra closely misses your crimson imp.
The five-headed hydra bites your crimson imp.
The five-headed hydra bites your crimson imp!
Your crimson imp dies!
Your crimson imp disappears in a puff of smoke!
The five-headed hydra attacks as you move away!
The five-headed hydra bites you!
* * * LOW HITPOINT WARNING * * *
The five-headed hydra completely misses you.
The five-headed hydra bites you.
* * * LOW HITPOINT WARNING * * *
The five-headed hydra closely misses you.
The five-headed hydra bites you.
You die...

....#..........##.....#.....>Z...
....#.....##....#.....#...#...#..
..........##..##......#..##..#...
..........P.#+##.#....#..#...#...
..............#..##...###....#...
.P###...........8..##...#...#....
..............#.....##......#....
..............##.D...###...#.....
................@#........##.....
..................#...8...####...
..................#........###...
###.....######.####.8...8.#.##...
....#...#.........#.......#.##...
........#.............8...#..#...
....#...#.........#.......####...
....#...#............##.....##...
....#...#.......#...##..#.....#..


You could see a five-headed hydra.

Vanquished Creatures
  A cyclops (D:8)
  A cane toad (Lair:1)
  A kobold demonologist (D:9)
  3 yaks (D:8)
  A basilisk (Lair:2)
  A wyvern (D:8)
  Menkaure (D:7)
  An acid dragon (D:8)
  3 water moccasins
  2 ice beasts
  A black bear (D:4)
  A centaur (D:6)
  2 ogres
  4 kobold brigands
  7 bullfrogs
  A necrophage (D:5)
  3 scorpions
  2 wights (D:8)
  5 killer bees (D:8)
  6 howler monkeys
  A crimson imp (D:5)
  An orc priest (D:5)
  5 hounds
  2 jellies
  3 gnoll boudas
  Jessica (D:2)
  2 iguanas (D:5)
  3 orc wizards (D:8)
  Natasha (thrice) (D:2)
  20 gnolls
  5 adders
  2 white imps
  An ufetubus (D:5)
  A worm (D:3)
  3 dart slugs
  15 orcs
  11 ball pythons
  7 bats
  6 endoplasms
  3 giant cockroaches (D:1)
  7 goblins
  9 hobgoblins
  7 jackals
  23 kobolds
  A quokka (D:1)
  6 frilled lizards
  5 rats
200 creatures vanquished.

Vanquished Creatures (collateral kills)
  2 yaks (D:8)
  A centaur (D:8)
  A necrophage (D:4)
  3 wights (D:8)
  A howler monkey (D:9)
  A quasit (D:5)
  A hound (D:4)
  An orc wizard (D:5)
  A gnoll (D:6)
  A white imp (D:8)
  2 dart slugs (D:4)
  An orc (D:5)
  A ball python (D:1)
  2 frilled lizards
19 creatures vanquished.

Vanquished Creatures (others)
  2 yak zombies (D:8)
  An orc wizard (D:8)
  4 killer bee zombies (D:8)
  A hound zombie (D:5)
  A howler monkey zombie (D:9)
  2 adder zombies (D:5)
  2 orc zombies (D:8)
  4 fungi
  5 plants
22 creatures vanquished.

Grand Total: 241 creatures vanquished

Notes
Turn   | Place    | Note
-------+----------+-------------------------------------------
     0 | D:1      | BlueGoblin the Djinni Necromancer began the quest for the
                  | Orb.
     0 | D:1      | BlueGoblin set off with the following spells memorised:
                  | Necrotise, Vampiric Draining, Animate Dead, Agony.
     0 | D:1      | Reached XP level 1. HP: 15/15 MP: 0/0
   155 | D:1      | Reached XP level 2. HP: 19/21 MP: 0/0
   546 | D:1      | Reached XP level 3. HP: 24/25 MP: 0/0
   546 | D:1      | Learned a level 1 spell: Apportation
   909 | D:1      | Found a faded altar of an unknown god.
  1194 | D:1      | Found Uwiyhaa's Assorted Antiques.
  1603 | D:2      | Noticed Jessica
  1643 | D:2      | Killed Jessica
  1644 | D:2      | Reached skill level 4 in Spellcasting
  1644 | D:2      | Reached XP level 4. HP: 24/31 MP: 0/0
  2127 | D:2      | Noticed Natasha
  2147 | D:2      | Killed Natasha
  2148 | D:2      | Reached XP level 5. HP: 21/35 MP: 0/0
  2148 | D:2      | Learned a level 2 spell: Call Imp
  2358 | D:2      | Noticed Natasha
  2365 | D:2      | Killed Natasha
  2375 | D:2      | Noticed Natasha
  2381 | D:2      | Killed Natasha
  2735 | D:3      | Found a hide-covered altar of Uskayaw.
  2781 | D:3      | Reached skill level 5 in Spellcasting
  2781 | D:3      | Reached XP level 6. HP: 31/40 MP: 0/0
  2849 | D:3      | Found Qiken's Weapon Emporium.
  2897 | D:3      | Found a white marble altar of Elyvilon.
  2898 | D:3      | Found a glowing golden altar of the Shining One.
  2898 | D:3      | Found a glowing silver altar of Zin.
  3245 | D:3      | Found a blossoming altar of Fedhas.
  3245 | D:3      | Found an opulent altar of Gozag.
  3245 | D:3      | Found a sacrificial altar of Ru.
  3251 | D:3      | Found a broken altar of Ashenzari.
  3251 | D:3      | Found a stormy altar of Qazlal.
  3709 | D:3      | Found a runed translucent door.
  3714 | D:3      | Noticed anet's ghost (amateur HOCj)
  4349 | D:4      | Reached XP level 7. HP: 37/46 MP: 0/0
  4349 | D:4      | Learned a level 3 spell: Swiftness
  4907 | D:4      | Reached skill level 6 in Spellcasting
  5059 | D:5      | Entered Level 5 of the Dungeon
  5128 | D:5      | Noticed LetschGu's ghost (novice OgHu)
  5157 | D:5      | Reached XP level 8. HP: 37/51 MP: 0/0
  5333 | D:5      | Found a transporter.
  5348 | D:5      | Found a transporter.
  5500 | D:5      | Reached skill level 7 in Spellcasting
  5926 | D:5      | Found a shadowy altar of Dithmenos.
  6254 | D:5      | Reached skill level 1 in Fighting
  6254 | D:5      | Reached skill level 1 in Long Blades
  6425 | D:6      | Found a staircase to the Ecumenical Temple.
  6724 | D:6      | Reached skill level 5 in Dodging
  6724 | D:6      | Reached XP level 9. HP: 57/57 MP: 0/0
  6724 | D:6      | Learned a level 4 spell: Olgreb's Toxic Radiance
  7170 | Temple   | Entered the Ecumenical Temple
  7226 | Temple   | Became a worshipper of Makhleb the Destroyer
  7339 | D:7      | Reached skill level 8 in Spellcasting
  7430 | D:7      | Noticed Menkaure
  7437 | D:7      | Killed Menkaure
  8223 | D:8      | Reached * piety under Makhleb
  8236 | D:8      | Reached skill level 9 in Spellcasting
  8236 | D:8      | Reached XP level 10. HP: 15/64 MP: 0/0
  8923 | D:8      | Noticed a cyclops
  8930 | D:8      | Killed a cyclops
  8931 | D:8      | Reached skill level 10 in Spellcasting
  9617 | D:9      | Reached ** piety under Makhleb
  9815 | D:9      | Noticed a kobold demonologist
  9819 | D:9      | Noticed a soul eater
  9819 | D:9      | Found a staircase to the Lair.
  9826 | D:9      | Noticed an ice devil
  9828 | D:9      | Killed a kobold demonologist
 10111 | Lair:1   | Entered Level 1 of the Lair of Beasts
 10283 | Lair:1   | Noticed a cane toad
 10291 | Lair:1   | Killed a cane toad
 10292 | Lair:1   | Reached XP level 11. HP: 53/70 MP: 0/0
 10292 | Lair:1   | Learned a level 4 spell: Sticky Flame
 10376 | Lair:1   | Identified the +12 war axe of the Mashing Dragonfly
                  | {vorpal, rPois Int+9}
 11016 | Lair:2   | Reached skill level 11 in Spellcasting
 11022 | Lair:2   | Found a transporter.
 11035 | Lair:2   | Noticed a moth of wrath
 11036 | Lair:2   | Noticed a moth of wrath
 11042 | Lair:2   | Found a bloodstained altar of Trog.
 11042 | Lair:2   | Noticed Zero's ghost (journeyman GrIE)
 11045 | Lair:2   | Noticed a five-headed hydra
 11371 | Lair:1   | HP: 1/70 [five-headed hydra (5)]
 11371 | Lair:1   | Slain by a five-headed hydra

Illustrated notes

Levels and vault maps discovered:
D:1:      ncdulo_lavacross, layout_loops_ring, serial_shops,
          nicolae_diamond_shop, hellmonk_ecumenical_altar_defaced_shrine
D:2:      layout_basic, kennysheep_generic_room_14, uniq_jessica, uniq_natasha
D:3:      layout_loops_corners, dreamdust_divine_triumvirate,
          eat_drink_and_be_merry_uskayaw, minmay_overflow_temple_hex,
          serial_shops, shop, ebering_ghost_sewer_d
D:4:      layout_basic
D:5:      layout_cave_pools, nicolae_dithmenos_through_a_glass_darkly,
          gammafunk_ghost_stat_death, minmay_fire_ice_demons
D:6:      layout_gridville, minmay_temple_entry_large_hall
D:7:      layout_basic, uniq_menkaure
D:8:      layout_loops_ring, minmay_three_doors
D:9:      layout_basic, dpeg_oklobed_lair
Temple:   nicolae_temple_ecumenical_triangle
Lair:1:   layout_regular_city, grunt_megastairs_4
Lair:2:   layout_chaotic_city, gammafunk_ghost_wrathful_warriors

Skill      XL: |  1  2  3  4  5  6  7  8  9 10 11 |
---------------+----------------------------------+-----
Spellcasting   | 4 5 6 7 9 10 11 | 11.0
Dodging        | 3 5 6 |  6.8
Stealth        | 2 |  2.2
Fighting       | 1 2 |  2.9
Long Blades    | 1 3 4 |  4.1
Unarmed Combat | |  0.8

Action                   |  1- 3 |  4- 6 |  7- 9 | 10-12 || total
-------------------------+-------+-------+-------+-------++-------
Melee: Unarmed           |    27 |    31 |     9 |       ||    67
       Punch             |     1 |       |     1 |       ||     2
       Triple sword      |       |       |   112 |    33 ||   145
 Cast: Necrotise         |    50 |    45 |       |       ||    95
       Vampiric Draining |       |    26 |   135 |    94 ||   255
       Call Imp          |       |     2 |     1 |     4 ||     7
       Animate Dead      |       |       |     6 |     4 ||    10
       Swiftness         |       |       |     1 |     2 ||     3
       Olgreb's Toxic Ra |       |       |       |     3 ||     3
       Sticky Flame      |       |       |       |     1 ||     1
  Use: Scroll            |     4 |    11 |       |    10 ||    25
       Potion            |       |       |     1 |       ||     1
 Stab: Sleeping          |       |       |       |     2 ||     2
Armor: Robe              |     7 |    29 |   218 |    58 ||   312
Dodge: Dodged            |    31 |    44 |   262 |    86 ||   423

Table legend: (Time is in decaauts)
 A = Elapsed time spent in this place.
 B = Non-inter-level travel time spent in this place.
 C = Inter-level travel time spent in this place.
 D = Time resting spent in this place.
 E = Time spent auto-exploring this place.
 F = Levels seen in this place.
 G = Mean time per level.
                   A        B        C        D        E       F      G
               +--------+--------+--------+--------+--------+-----+--------+
         Total |  11467 |  11118 |    349 |    753 |   8626 |  12 |  955.6 |
       Dungeon |  10138 |   9844 |    294 |    526 |   7796 |   9 | 1126.4 |
        Temple |     73 |     57 |     16 |      0 |     18 |   1 |   73.0 |
          Lair |   1256 |   1217 |     39 |    227 |    812 |   2 |  628.0 |
               +--------+--------+--------+--------+--------+-----+--------+

Top non-repeatable levels by time:
     D:8: 1580 daAuts
     D:3: 1557 daAuts
     D:1: 1400 daAuts
     D:2: 1344 daAuts
     D:5: 1299 daAuts
  Lair:1: 1119 daAuts
     D:6: 867 daAuts
     D:7: 815 daAuts
     D:4: 765 daAuts
     D:9: 508 daAuts
  Lair:2: 136 daAuts
  Temple: 73 daAuts
